 Dungeon Crawl Stone Soup version 0.26-a0-30-g56b8cd3df0 (webtiles) character file.

Game seed: 3324730421285795097, levelgen mode: deterministic

67 Lanoc the Digger (level 4, -2/33 HPs)
             Began as a Draconian Earth Elementalist on June 2, 2020.
             Slain by an orc
             ... wielding a +0 short sword
              (4 damage)
             ... on level 2 of the Dungeon.
             The game lasted 00:01:53 (1377 turns).

Lanoc the Digger (Draconian Earth Elementalist)     Turns: 1377, Time: 00:01:54

Health: -2/33      AC:  6    Str: 10    XL:     4   Next: 0%
Magic:  13/16      EV: 12    Int: 17    God:
Gold:   104        SH:  0    Dex: 11    Spells: 4/7 levels left

rFire    . . .     SeeInvis .   (no weapon)
rCold    . . .     Gourm    .   (no shield)
rNeg     . . .     Faith    .   (armour unavailable)
rPois    .         Spirit   .   (helmet restricted)
rElec    .         Reflect  .   (no cloak)
rCorr    .         Harm     .   (no gloves)
MR       .....                  d - +0 pair of boots
Stlth    ++........             (no amulet)
HPRegen  0.11/turn              (no ring)
MPRegen  0.15/turn              j - ring of magical power

@: mighty, lethally poisoned (-2 -> -3), berserk cooldown, slowed, very slow
A: unfitting armour, cold-blooded, AC +5
a: no special abilities


You were on level 2 of the Dungeon.
You were hungry.

You visited 1 branch of the dungeon, and saw 2 of its levels.

You collected 104 gold pieces.

Inventory:

Missiles
 b - 59 stones (quivered)
Armour
 d - a +0 pair of boots (worn)
Jewellery
 j - a ring of magical power (right hand)
Scrolls
 f - 2 scrolls of remove curse {unknown}
 g - a scroll of magic mapping {unknown}
 h - a scroll of amnesia {unknown}
 i - a scroll of enchant armour {unknown}
Comestibles
 c - 4 rations


   Skills:
 + Level 2.6 Dodging
 - Level 1.7 Stealth
 - Level 2.0 Spellcasting
 - Level 1.0 Transmutations
 * Level 4.3 Earth Magic


You had 4 spell levels left.
You knew the following spells:

 Your Spells              Type           Power        Failure   Level  Hunger
a - Sandblast             Erth           ###...       3%          1    #......
b - Passwall              Tmut/Erth      ##......     10%         2    ###....

Your spell library contained the following spells:

 Spells                   Type           Power        Failure   Level  Hunger
 Stone Arrow              Conj/Erth      #.....       24%         3    ###....
 Petrify                  Tmut/Erth      ##......     54%         4    #####..
 Lee's Rapid Deconstruct  Erth           ###.......   65%         5    ######.


Dungeon Overview and Level Annotations

Branches:
Dungeon (2/15)

Altars:

Annotations:
D:2 Natasha


Innate Abilities, Weirdness & Mutations

Your plain brown scales are hard. (AC +5)
You cannot fit into any form of body armour.
You are cold-blooded and may be slowed by cold attacks.


Message History

The kobold hits you.
* * * LOW HITPOINT WARNING * * *
You hit the kobold.
You kill the kobold!
You have reached level 4!
You feel clever.
Natasha mumbles some strange words.
You hear a shout!
You barely miss the orc.
The orc is severely wounded.
You are no longer berserk.
You are exhausted.
You feel as though you will be slow longer.
You feel sick. The orc closely misses you.
The orc hits you with a +0 short sword.
* * * LOW HITPOINT WARNING * * *
It was a potion of might.
You feel very mighty all of a sudden. The orc hits you with a +0 short sword.
You die...

#..#.##..# # #.#..#.##..####.#
#.#..#........... ......
..#..#......>...# ..... ..
..#..#.##..####.# . .... #.#
#.#....##..####.# ..##r.h##.#
#.#..####........ .....K..#.##
#.#..# #.#####.## ....†l.....
#@#..# #.#####... #....#.#
#o#..# #.....+...
..#....#.#####5#..# #..####...
..............5h.)## #.........
...#....#.......#)#####.####.###
. #......)(.)........... .....
.........(.....................
###.###.######..(........##.###
#! #.# #...#.###.#. #.#


You could see Natasha, a crimson imp (summoned), a white imp (summoned) and an
orc.

Vanquished Creatures
  An orc wizard (D:2)
  An adder (D:2)
  An ooze (D:1)
  A worm (D:2)
  A leopard gecko (D:2)
  3 orcs (D:2)
  A giant cockroach (D:1)
  3 goblins
  2 hobgoblins (D:1)
  7 kobolds
21 creatures vanquished.

Notes
Turn   | Place    | Note
-------+----------+-------------------------------------------
     0 | D:1      | Lanoc the Draconian Earth Elementalist began the quest for
                  | the Orb.
     0 | D:1      | Reached XP level 1. HP: 14/14 MP: 3/3
     2 | D:1      | Noticed a demigod
     4 | D:1      | Noticed a merfolk
     4 | D:1      | Noticed a vampire
     6 | D:1      | Noticed a minotaur
     6 | D:1      | Noticed a demonspawn
     8 | D:1      | Noticed a centaur
     8 | D:1      | Noticed a vine stalker
    10 | D:1      | Noticed an ogre
    10 | D:1      | Noticed a formicid
    12 | D:1      | Noticed a felid
    12 | D:1      | Noticed a troll
    14 | D:1      | Noticed a tengu
    14 | D:1      | Noticed a gargoyle
    16 | D:1      | Noticed a dwarf
    16 | D:1      | Noticed an elf
    18 | D:1      | Noticed a naga
    21 | D:1      | Noticed a draconian
    23 | D:1      | Noticed a spriggan
    25 | D:1      | Noticed a human
    25 | D:1      | Noticed a ghoul
    27 | D:1      | Noticed a halfling
    27 | D:1      | Noticed an octopode
   306 | D:1      | Reached XP level 2. HP: 10/20 MP: 3/5
   537 | D:1      | Learned a level 2 spell: Passwall
  1305 | D:2      | Reached XP level 3. HP: 15/26 MP: 6/6
  1351 | D:2      | Reached skill level 4 in Earth Magic
  1352 | D:2      | Noticed Natasha
  1374 | D:2      | Reached XP level 4. HP: 7/33 MP: 7/7
  1377 | D:2      | Slain by an orc

Illustrated notes

Levels and vault maps discovered:
D:1:      kb_arrival_jail, layout_basic, chequers_serial_rivers_micro_c,
          minivault_19
D:2:      layout_basic, lemuel_doored_altar, grunt_ministairs_10, uniq_natasha,
          uniq_terence, uniq_jessica

Skill      XL: |  1  2  3 |
---------------+----------+-----
Dodging        | 2 |  2.6
Earth Magic    | 4 |  4.3
Stealth        | |  1.7
Spellcasting   | |  2.0
Transmutations | |  1.0

Action                   |  1- 3 |  4- 6 || total
-------------------------+-------+-------++-------
Melee: Unarmed           |    52 |     1 ||    53
       Tailslap          |     6 |       ||     6
 Cast: Sandblast         |    22 |       ||    22
  Use: Potion            |     1 |     1 ||     2
  Eat: Chunk             |     1 |       ||     1
Armor: Skin              |    12 |       ||    12
Dodge: Dodged            |    38 |     1 ||    39

Table legend:
 A = Non-vault XP
 B = Vault XP
 C = Vault XP percentage of total XP
 D = Non-vault monster count
 E = Vault monster count
 F = Vault count percentage of total count
                 A         B        C        D         E       F
            +---------+---------+-------+---------+---------+-------
      Total |      97 |       0 |   0.0 |      21 |       0 |   0.0
            +---------+---------+-------+---------+---------+-------
        D:1 |      18 |       0 |   0.0 |       7 |       0 |   0.0
        D:2 |      79 |       0 |   0.0 |      14 |       0 |   0.0
            +---------+---------+-------+---------+---------+-------
